 Dungeon Crawl Stone Soup version 0.29.1-14-g9c671dbff4 (webtiles) character file.

Game seed: 9062849733029202809

179 Peloso the Covered (level 5, 0/47 HPs)
             Began as a Minotaur Fighter on Feb 14, 2023.
             Slain by Crazy Yiuf
             ... wielding a +2 quarterstaff of chaos
              (12 damage)
             ... on level 3 of the Dungeon.
             The game lasted 00:04:49 (2449 turns).

Peloso the Covered (Minotaur Fighter)               Turns: 2449, Time: 00:04:51

Health: 0/47       AC: 14    Str: 20    XL:     5   Next: 32%
Magic:  4/4        EV:  7    Int:  5    God:
Gold:   210        SH:  5    Dex: 12    Spells: 4/4 levels left

rFire   . . .      SeeInvis .   a - +0 long sword
rCold   . . .      Faith    .   d - +0 buckler
rNeg    . . .      Spirit   .   c - +1 chain mail
rPois   +          Reflect  .   (helmet restricted)
rElec   .          Harm     .   (no cloak)
rCorr   .          Rampage  .   (no gloves)
Will    .....                   (no boots)
Stlth   ..........              (no amulet)
HPRegen 0.15/turn               f - ring of poison resistance
MPRegen 0.09/turn               j - +4 ring of protection

@: lethally poisoned (0 -> -3), slowed, very slow
A: horns 2, retaliatory headbutt
a: no special abilities


You were on level 3 of the Dungeon.
You visited 1 branch of the dungeon, and saw 3 of its levels.

You collected 210 gold pieces.

Inventory:

Hand Weapons
 a - a +0 long sword (weapon)
Armour
 b - a +0 scale mail
 c - a +1 chain mail (worn)
 d - a +0 buckler (worn)
Jewellery
 f - a ring of poison resistance (left hand)
 j - a +4 ring of protection (right hand)
Wands
 i - a wand of mindburst (8)
Scrolls
 e - 3 scrolls of teleportation
 g - a scroll of magic mapping
 k - a scroll of fog
 m - 2 scrolls of noise
 n - a scroll of vulnerability {unknown}
 o - a scroll of enchant armour
Potions
 h - 3 potions of might
 l - a potion of brilliance


   Skills:
 + Level 4.5 Fighting
 + Level 4.3 Long Blades
 + Level 5.1 Armour
 + Level 0.5 Dodging
 + Level 4.2 Shields


You had 4 spell levels left.
You didn't know any spells.
Your spell library contained the following spells:

 Spells                   Type           Power      Damage    Failure   Level
 Blink                    Tloc           0%         N/A       100%        2
 Manifold Assault         Tloc           0%         N/A       100%        5
 Storm Form               Tmut/Air       0%         N/A       100%        7


Dungeon Overview and Level Annotations

Branches:
Dungeon (3/15)

Altars:
Dithmenos
Elyvilon
Gozag
Makhleb
Uskayaw

Annotations:
D:3 Crazy Yiuf


Innate Abilities, Weirdness & Mutations

You have a pair of horns on your head.
You reflexively headbutt those who attack you in melee.


Message History

There is a stone staircase leading down here.
Found a white marble altar of Elyvilon.
Found a burning altar of Makhleb.
Found a hide-covered altar of Uskayaw and a shadowy altar of Dithmenos.
Things that are here:
a +0 dagger; a +0 robe You see here a +0 club.
You now have 210 gold pieces (gained 16).
You see here a +0 ring mail of fire resistance.
You see here a +0 club.
Things that are here:
a +0 dagger; a +0 robe You see here a +0 leather armour.
Found a hammer.
Found a runed translucent door.
Crazy Yiuf shouts!
Crazy Yiuf laughs, "Iron!"
You open the door. You slash Crazy Yiuf!
Crazy Yiuf is heavily wounded.
Crazy Yiuf grits, "Snoogle childish hand!"
Crazy Yiuf barely misses you.
Crazy Yiuf hits you with a +2 quarterstaff of chaos!
You feel yourself slow down.
You completely miss Crazy Yiuf. Your headbutt misses Crazy Yiuf.
Crazy Yiuf is heavily wounded.
Crazy Yiuf hits you with a +2 quarterstaff of chaos!
You are poisoned.
Crazy Yiuf hits you but does no damage.
You hit Crazy Yiuf but do no damage.
Crazy Yiuf is heavily wounded.
You feel very sick. Crazy Yiuf hits you but does no damage.
You hit Crazy Yiuf but do no damage.
Crazy Yiuf is heavily wounded.
You feel sick.
Crazy Yiuf hits you with a +2 quarterstaff of chaos.
Crazy Yiuf hits you with a +2 quarterstaff of chaos!
* * * LOW HITPOINT WARNING * * *
You are electrocuted!
You die...

#.....# ....#.#
#†#.#.# #.#.#.###
..#.#...# ###.#.###
###.#.###### ###
..<.#...#..## ###..)#
#####.......####@g...#
# #........#..##...# #
#...#...#.### ### #
##.######## #### #[#
...# #.# ##.# #.# ##.#
#.# ##.# #.# #####


You could see Crazy Yiuf.

Vanquished Creatures
  Jessica (D:3)
  An orc wizard (D:3)
  4 adders
  A worm (D:3)
  7 dart slugs
  4 orcs
  4 bats
  8 endoplasms
  3 giant cockroaches
  6 goblins
  7 hobgoblins
  3 kobolds
  3 quokkas (D:1)
  6 ball pythons
  4 frilled lizards
  11 rats
73 creatures vanquished.

Notes
Turn   | Place    | Note
-------+----------+-------------------------------------------
     0 | D:1      | Peloso the Minotaur Fighter began the quest for the Orb.
     0 | D:1      | Reached XP level 1. HP: 19/19 MP: 0/0
    16 | D:1      | Reached skill level 4 in Armour
   147 | D:1      | Found a faded altar of an unknown god.
   180 | D:1      | Reached XP level 2. HP: 26/26 MP: 1/1
   594 | D:1      | Reached XP level 3. HP: 33/33 MP: 2/2
  1313 | D:2      | Reached XP level 4. HP: 37/40 MP: 3/3
  1532 | D:3      | Noticed Jessica
  1540 | D:3      | Killed Jessica
  1960 | D:3      | Reached skill level 5 in Armour
  1960 | D:3      | Reached XP level 5. HP: 46/46 MP: 4/4
  2153 | D:3      | Found an opulent altar of Gozag.
  2283 | D:3      | Found a white marble altar of Elyvilon.
  2284 | D:3      | Found a burning altar of Makhleb.
  2285 | D:3      | Found a hide-covered altar of Uskayaw.
  2285 | D:3      | Found a shadowy altar of Dithmenos.
  2441 | D:3      | Found a runed translucent door.
  2442 | D:3      | Noticed Crazy Yiuf
  2449 | D:3      | Slain by Crazy Yiuf

Illustrated notes

Levels and vault maps discovered:
D:1:      lemuel_arrival_broad_hall, layout_basic,
          ebering_ecumenical_altar_rust, minmay_domino_4
D:2:      layout_basic
D:3:      layout_loops_cross, mainiacjoe_overflow_alcove_3,
          grunt_gozag_breadcrumbs, uniq_jessica, uniq_crazy_yiuf_cottage

Skill      XL: |  1  2  3  4 |
---------------+-------------+-----
Armour         | 4 5 |  5.1
Shields        | 4 |  4.2
Fighting       | 4 |  4.5
Long Blades    | 3 4 |  4.3
Dodging        | |  0.5

Action                   |  1- 3 |  4- 6 || total
-------------------------+-------+-------++-------
Melee: Long sword        |   109 |    66 ||   175
       Headbutt          |    13 |    13 ||    26
  Use: Scroll            |     3 |     5 ||     8
Armor: Scale mail        |    33 |       ||    33
       Chain mail        |    34 |    55 ||    89
Dodge: Dodged            |    48 |    26 ||    74
Block: Buckler           |    30 |    14 ||    44
